Map: Daybreak LE (Void)

Players

MarineLorD

  • Race: Terran Terran
  • Spawn Location: 7:00

Nerchio - Winner!

  • Race: Zerg Zerg
  • Spawn Location: 1:00

Event: WESG 2016 Finals

VOD

Have the link to the VOD?

Description

Time

  • Played on: Jan. 12, 2017, 3:12 a.m.
  • Length: 15:23

All games in this series

Show
View Real Time Build Order
Export as new Build Order

MarineLorD Terran 

Build Orders: Hellion Opening, Reaper Expand 

Get SALT Encoding   

  12  0:00  SCV  
  13  0:12  SCV  
  14  0:17  Supply Depot  
  14  0:24  SCV  
  15  0:29  Refinery  
  15  0:39  SCV  
  16  0:45  Barracks  
  16  0:51  SCV  
  17  1:03  SCV  
  18  1:15  SCV  
  19  1:32  Orbital Command, Reaper  
  20  1:44  Command Center  
  20  1:58  SCV  
  20  1:59  Factory  
  21  2:07  Barracks Reactor  
  21  2:08  Supply Depot  
  21  2:12  SCV  
  22  2:17  Refinery  
  22  2:24  SCV  
  23  2:36  SCV  
  24  2:45  Starport  
  24  2:48  SCV  
  25  2:52  Hellion x2  
  25  2:55  Barracks Tech Lab  
  25  2:58  Orbital Command  
  29  3:00  SCV  
  30  3:12  SCV  
  31  3:15  Hellion x2  
  35  3:24  SCV  
  35  3:25  SCV  
  37  3:36  SCV  
  37  3:38  Viking, Supply Depot  
  37  3:40  SCV  
  41  3:49  Hellion x2, SCV  
  46  4:00  SCV  
  46  4:01  SCV, Supply Depot  
  46  4:02  Marine  
  49  4:03  Supply Depot  
  49  4:08  Raven  
  51  4:13  SCV  
  51  4:16  Hellion  
  54  4:23  Hellion, SCV  
  57  4:26  SCV  
  56  4:34  Command Center  
  56  4:35  SCV  
  57  4:38  SCV  
  62  4:45  Hellion x2  
  62  4:54  SCV x2  
  62  4:55  Raven  
  62  4:58  Refinery  
  62  4:59  Refinery  
  66  5:06  SCV  
  67  5:08  Supply Depot x2  
  67  5:10  Supply Depot  
  67  5:12  SCV  
  70  5:25  Barracks Tech Lab, Armory  
  70  5:26  Barracks Reactor  
  70  5:27  SCV  
  67  5:31  SCV  
  67  5:32  Starport  
  67  5:33  Starport  
  68  5:39  SCV  
  61  5:52  SCV x2  
  61  5:55  Orbital Command  
  60  5:57  Hellion  
  60  5:58  Hellion  
  60  6:04  SCV x2  
  63  6:08  Liberator x2, Banshee  
  67  6:11  Barracks Tech Lab  
  67  6:12  Viking  
  67  6:16  SCV x2  
  71  6:21  SCV  
  71  6:24  Hellion x2  
  79  6:28  SCV  
  79  6:29  SCV  
  83  6:40  SCV  
  83  6:41  SCV  
  85  6:48  Hellion x2  
  85  6:53  SCV x2, Terran Ship Weapons Level 1  
  91  6:54  Engineering Bay  
  91  6:55  Armory  
  91  6:57  Banshee x2  
  91  6:58  Orbital Command  
  97  7:03  Refinery  
  97  7:05  SCV x2  
  97  7:06  Refinery  
  99  7:13  Hellion x2  
  103  7:17  SCV x2  
  105  7:29  SCV x2  
  107  7:33  Viking, Supply Depot  
  107  7:35  Supply Depot  
  109  7:46  Missile Turret  
  109  7:50  Supply Depot  
  109  7:51  Supply Depot  
  109  7:54  Cloaking Field, Viking, Banshee  
  109  7:55  SCV x2  
  109  7:56  Banshee  
  109  7:57  Terran Vehicle And Ship Armor Level 1  
  119  8:04  Supply Depot  
  119  8:05  Supply Depot  
  119  8:06  Supply Depot  
  119  8:07  SCV  
  120  8:16  Hellion x2  
  124  8:20  Viking  
  124  8:24  Viking  
  119  8:37  Banshee  
  119  8:39  Banshee  
  120  8:41  Starport  
  120  8:42  Missile Turret  
  120  8:43  Starport  
  120  8:45  Starport  
  120  8:55  Viking x2  
  120  8:57  Terran Ship Weapons Level 2, Hyperflight Rotors  
  120  9:03  Command Center  
  120  9:06  Missile Turret  
  120  9:14  Missile Turret  
  120  9:19  Starport Tech Lab  
  120  9:20  Viking, Starport Tech Lab  
  120  9:21  Starport Reactor  
  120  9:22  Viking  
  122  9:37  Hellion x2  
  126  9:40  Liberator x2  
  126  9:42  Liberator  
  126  9:44  Supply Depot  
  126  9:52  Banshee x2  
  132  9:53  Banshee x2  
  132  9:58  Hellion x2  
  147  10:25  Hellion x2  
  151  10:31  Liberator x2  
  151  10:35  Banshee x2  
  143  10:44  Supply Depot  
  143  10:45  Banshee x2  
  155  11:09  Viking x2  
  159  11:18  Viking x2  
  137  11:28  Viking x2  
  141  11:34  Viking  
  118  11:55  SCV x3  
  118  11:58  Viking x2  
  118  11:59  Viking  
  118  12:00  Viking  
  118  12:01  Missile Turret  
  129  12:03  Refinery  
  129  12:05  Hellion x2, Missile Turret  
  129  12:07  SCV, Missile Turret  
  129  12:08  Refinery, SCV  
  135  12:09  Planetary Fortress  
  131  12:16  Viking  
  130  12:26  Hellion x2  
  116  12:30  Viking x2  
  116  12:31  Viking  
  107  12:45  Viking x4  
  107  12:48  Hellion x2  
  116  12:58  Viking  
  116  13:00  Viking x2  
  107  13:09  Hellion  
  107  13:10  Hellion  
  107  13:12  Missile Turret  
  97  13:21  Banshee  
  87  13:29  SCV x3  
  87  13:30  Refinery  
  87  13:31  Hellion x2  
  68  13:43  Banshee x2  
  74  13:52  Hellion  
  74  13:59  SCV x2  
  74  14:00  SCV  
  77  14:06  Viking  
  79  14:12  SCV  
  79  14:14  Viking  
  80  14:23  Viking  
  78  14:39  Viking x2  
  78  14:40  Viking  
  78  14:44  Hellion  
  86  14:49  Hellion  
  97  15:02  Missile Turret  
Show
View Real Time Build Order
Export as new Build Order

Nerchio Zerg - Winner!

Build Orders: Hatch First 

Get SALT Encoding   

  12  0:00  Drone  
  13  0:12  Overlord  
  13  0:17  Drone  
  14  0:30  Drone x2  
  14  0:34  Drone  
  17  0:53  Hatchery  
  17  0:56  Drone  
  17  0:59  Drone  
  18  1:06  Extractor  
  17  1:15  Spawning Pool  
  16  1:18  Drone  
  16  1:21  Drone  
  18  1:28  Drone  
  19  1:38  Overlord  
  19  1:49  Drone  
  20  2:02  Queen, Zergling x2  
  20  2:05  Queen, Zergling x2  
  26  2:10  Metabolic Boost  
  26  2:14  Drone  
  27  2:16  Drone  
  27  2:21  Drone  
  29  2:27  Drone  
  30  2:34  Drone  
  30  2:37  Drone, Queen  
  30  2:43  Queen  
  35  2:48  Overlord  
  35  2:53  Overlord  
  35  3:07  Zergling x2  
  35  3:09  Drone x2, Zergling x2  
  35  3:10  Drone x3  
  35  3:12  Drone x2  
  44  3:15  Drone  
  45  3:29  Hatchery  
  44  3:34  Zergling x2  
  44  3:35  Drone x2, Zergling x2  
  48  3:42  Roach Warren  
  48  3:43  Drone  
  48  3:44  Drone  
  48  3:46  Drone  
  49  3:51  Drone x2  
  49  3:53  Overlord  
  51  3:58  Lair  
  51  4:00  Extractor  
  51  4:01  Overlord  
  50  4:07  Overlord  
  50  4:20  Zergling x4  
  50  4:22  Zergling x4  
  50  4:24  Roach  
  54  4:25  Drone  
  54  4:27  Drone x4  
  54  4:28  Drone x2  
  61  4:31  Drone  
  61  4:34  Extractor  
  61  4:38  Roach  
  63  4:40  Spore Crawler  
  64  4:45  Roach  
  64  4:46  Roach, Evolution Chamber  
  64  4:47  Evolution Chamber  
  64  4:52  Roach  
  65  4:53  Roach  
  65  4:56  Drone  
  65  5:01  Drone x2  
  65  5:02  Drone x2  
  65  5:06  Drone, Overlord  
  70  5:07  Drone  
  70  5:08  Drone  
  70  5:10  Drone  
  70  5:13  Overlord  
  73  5:17  Zerg Missile Weapons Level 1  
  73  5:21  Overlord  
  73  5:22  Extractor  
  73  5:23  Overlord  
  72  5:29  Drone x2  
  72  5:31  Overlord  
  72  5:32  Drone x2  
  75  5:39  Roach x2  
  79  5:44  Zergling x6  
  79  5:48  Evolution Chamber  
  80  5:50  Drone  
  80  5:53  Drone  
  80  5:54  Drone  
  80  5:56  Drone  
  84  6:01  Drone x3  
  84  6:02  Drone  
  88  6:05  Drone, Extractor  
  88  6:06  Extractor  
  88  6:07  Overseer  
  88  6:08  Drone  
  88  6:10  Drone  
  88  6:11  Drone  
  90  6:12  Drone  
  90  6:17  Zerg Ground Armor Level 1  
  91  6:19  Zerg Melee Weapons Level 1  
  91  6:24  Drone, Infestation Pit  
  88  6:26  Drone  
  88  6:28  Drone  
  88  6:31  Drone x2  
  90  6:35  Drone x3  
  90  6:37  Drone  
  90  6:39  Drone  
  94  6:40  Drone  
  94  6:43  Overlord  
  94  6:46  Overlord  
  95  6:49  Overlord  
  95  6:53  Overlord  
  95  7:03  Infestor x2  
  99  7:10  Drone x2  
  99  7:11  Drone  
  99  7:12  Burrow  
  99  7:14  Hatchery  
  99  7:15  Hive  
  98  7:17  Drone  
  98  7:18  Drone  
  98  7:21  Drone x4  
  98  7:22  Drone  
  105  7:24  Drone  
  105  7:28  Drone x2  
  105  7:29  Drone  
  109  7:31  Roach  
  109  7:34  Spore Crawler  
  106  7:39  Spine Crawler  
  106  7:40  Zergling x4  
  106  7:41  Zergling x2, Spine Crawler  
  106  7:42  Extractor  
  106  7:44  Glial Reconstitution, Extractor  
  105  7:56  Zerg Missile Weapons Level 2  
  105  7:57  Hydralisk Den  
  106  7:58  Roach x4  
  106  8:00  Ravager x2  
  106  8:01  Ravager x4  
  118  8:08  Zergling x2  
  118  8:09  Zergling x10  
  122  8:15  Zergling x2  
  122  8:16  Zergling x10  
  116  8:36  Hatchery  
  116  8:38  Drone x3  
  116  8:39  Spire  
  116  8:44  Hydralisk, Muscular Augments  
  116  8:47  Hydralisk, Hatchery  
  117  8:49  Hydralisk  
  117  8:51  Hydralisk  
  117  8:54  Hydralisk  
  121  9:00  Pneumatized Carapace  
  121  9:01  Hydralisk x2  
  125  9:04  Hydralisk  
  125  9:07  Hydralisk  
  129  9:19  Overlord x3  
  129  9:20  Overlord  
  129  9:22  Spore Crawler  
  128  9:25  Spore Crawler  
  128  9:26  Overlord  
  123  9:32  Overlord  
  123  9:51  Roach x6  
  115  9:53  Corruptor x7  
  123  10:06  Corruptor x2, Zerg Flyer Armor Level 1  
  125  10:07  Viper  
  125  10:13  Overseer x2  
  130  10:15  Corruptor  
  130  10:17  Drone x2  
  130  10:18  Drone  
  133  10:29  Drone x9  
  133  10:30  Drone  
  133  10:33  Overlord  
  138  10:41  Drone x4  
  141  10:50  Ravager x2  
  141  10:51  Infestor x3  
  149  11:00  Corruptor x3  
  149  11:01  Overseer  
  150  11:15  Corruptor x3  
  150  11:17  Roach  
  152  11:18  Roach  
  152  11:19  Roach  
  152  11:20  Roach  
  152  11:21  Roach x2  
  152  11:23  Roach x2  
  152  11:25  Roach  
  160  11:28  Corruptor  
  160  11:32  Roach x2  
  164  11:33  Roach  
  164  11:37  Drone x3  
  165  11:40  Drone x2  
  160  11:47  Drone  
  160  11:48  Drone  
  158  11:56  Corruptor x3  
  158  12:00  Zerg Flyer Weapons Level 1, Overseer  
  164  12:02  Corruptor  
  164  12:06  Corruptor  
  168  12:13  Corruptor  
  160  12:17  Corruptor  
  161  12:22  Ravager  
  143  12:30  Corruptor x2  
  135  12:38  Corruptor x2  
  135  12:39  Zergling x2  
  135  12:40  Zergling x14  
  138  12:49  Ravager x2  
  138  12:50  Ravager  
  136  13:00  Corruptor x2  
  131  13:05  Corruptor  
  131  13:09  Corruptor  
  131  13:10  Queen x3, Zergling x8  
  131  13:12  Queen  
  137  13:14  Corruptor  
  128  13:20  Corruptor  
  128  13:25  Zergling x2  
  128  13:26  Zergling x20  
  127  13:35  Corruptor  
  127  13:36  Corruptor  
  127  13:40  Corruptor  
  123  13:44  Corruptor  
  123  13:48  Drone x5  
  118  13:57  Hydralisk x3  
  118  13:59  Hydralisk x2  
  127  14:05  Hydralisk x2  
  127  14:09  Hydralisk  
  128  14:10  Hydralisk  
  128  14:13  Hydralisk  
  131  14:20  Hydralisk x2  
  133  14:24  Extractor  
  133  14:25  Hydralisk  
  133  14:30  Hydralisk x2  
  138  14:33  Spore Crawler  
  138  14:34  Spore Crawler  
  138  14:35  Hydralisk x2  
  140  14:39  Drone x3  
  140  14:40  Hydralisk  
  140  14:41  Overseer  
  140  14:45  Hydralisk x2  
  145  14:46  Spore Crawler  
  145  14:50  Spore Crawler  
  145  14:51  Overseer  
  147  14:53  Overseer  
  147  14:54  Zergling x10  
  147  14:55  Overseer  
  158  15:12  Extractor  
  158  15:13  Extractor  
Tags
 
Add a new tag
Caveats
  • Supply blocks, unpowered buildings, or Contaminate may cause inaccurate times.
  • Supply counts are checked every 10 seconds.